 Dungeon Crawl Stone Soup version 0.27.1-3-gb3d3a73c9e (webtiles) character file.

Game seed: 8609470268196517824

14 belegose the Grasshopper (level 2, -1/23 HPs)
             Began as a Barachi Warper on Oct 5, 2021.
             Slain by a goblin (3 damage)
             ... on level 1 of the Dungeon.
             The game lasted 00:01:17 (1317 turns).

belegose the Grasshopper (Barachi Warper)           Turns: 1317, Time: 00:01:18

Health: -1/23      AC:  3    Str: 12    XL:     2   Next: 45%
Magic:  5/5        EV: 11    Int: 13    God:
Gold:   72         SH:  0    Dex: 11    Spells: 5/5 levels left

rFire    . . .     SeeInvis .   a - +0 falchion
rCold    . . .     Faith    .   (no shield)
rNeg     . . .     Spirit   .   b - +0 leather armour
rPois    .         Reflect  .   (no helmet)
rElec    .         Harm     .   (no cloak)
rCorr    .         Rampage  .   (no gloves)
Will     .....                  (no boots)
Stlth    +.........             (no amulet)
HPRegen  0.07/turn              (no ring)
MPRegen  0.09/turn              (no ring)

@: lethally poisoned (-1 -> -2), slow
A: amphibious, slowness 1, strong legs 1, +LOS
a: Hop


You were on level 1 of the Dungeon.
You visited 1 branch of the dungeon, and saw 2 of its levels.

You collected 72 gold pieces.

Inventory:

Hand Weapons
 a - a +0 falchion (weapon)
Missiles
 d - 5 boomerangs of dispersal (quivered)
 h - 46 stones
Armour
 b - a +0 leather armour (worn)
Jewellery
 e - a ring of flight
Scrolls
 c - 2 scrolls of blinking
 f - a scroll of silence {unknown}
 g - a scroll of identify {unknown}
 i - a scroll of teleportation {unknown}
 j - a scroll of vulnerability {unknown}
Potions
 k - a potion of curing {unknown}


   Skills:
 + Level 2.7 Fighting
 + Level 2.7 Long Blades
 + Level 1.3 Throwing
 + Level 1.6 Armour
 + Level 2.4 Dodging
 - Level 2.1 Spellcasting
 - Level 3.2 Translocations


You had 5 spell levels left.
You didn't know any spells.
Your spell library contained the following spells:

 Spells                   Type           Power      Damage    Failure   Level
 Blink                    Tloc           N/A        N/A       12%         2
 Gell's Gravitas          Tloc           4%         N/A       24%         3
 Lesser Beckoning         Tloc           4%         N/A       24%         3
 Teleport Other           Tloc           9%         N/A       24%         3
 Manifold Assault         Tloc           9%         N/A       92%         5


Dungeon Overview and Level Annotations

Branches:
Dungeon (2/15)

Altars:


Innate Abilities, Weirdness & Mutations

You are amphibious.
You cover ground slowly.
You can hop short distances.
You have an extended range of vision and can be seen from far away.


Message History

There is a stone staircase leading up here.
You climb upwards.
There is a stone staircase leading down here.
Unknown command.
There is an open door here.
You open the door.
There is an open door here.
There is an open door here.
HP restored.
There is a stone staircase leading down here.
You climb downwards.
The goblin shouts!
Found a book of Geomancy.
There is a stone staircase leading up here.
Found a green potion.
An adder comes into view.
Found 2 pink potions and a pair of glowing boots.
The adder hisses angrily.
The goblin hits you but does no damage.
You hit the goblin but do no damage. The goblin hits you but does no damage.
The goblin hits you with a +0 dagger.
You barely miss the goblin. The goblin hits you with a +0 dagger.
The adder bites you. The adder bites you.
There is a stone staircase leading up here.
The goblin closely misses you.
You riposte.
You hit the goblin.
The goblin is heavily wounded.
The adder bites you.
You are poisoned.
The adder poisons you!
You climb upwards.
You feel sick.
There is a stone staircase leading down here.
You feel sick. The goblin hits you with a +0 dagger.
* * * LOW HITPOINT WARNING * * *
You feel sick. The adder barely misses you.
You riposte.
You miss the adder. The goblin hits you with a +0 dagger.
* * * LOW HITPOINT WARNING * * *
* * * LOW HITPOINT WARNING * * *
You feel sick. The goblin hits you with a +0 dagger.
You die...

.######### ##....####.#
.........# #....# #.#
≈≈≈§.###.# #....# #.#
.§.§...#.# ##...# #.#
§§.≈≈≈.### #...####.#
§≈§..≈...# #.>.#..#.#
.≈≈≈.§≈≈.# #...#..#.#
...≈...≈.### #Sg.#..#.#
≈≈.≈.#.≈...#####@..#..#.#
...≈.#.§≈≈.........#..#.#######
.≈≈≈.#...≈.######..#..#.......#
.≈...#.#.§.# #.....#######.#
≈≈.#.#.#.≈.# #.###########.##
...#.#.#.≈.# #..............#
.###.#.#.≈.# ################
.#...#.#.≈.########........#
#########§...............#.#


You could see an adder and a goblin.

Vanquished Creatures
  2 dart slugs
  A hobgoblin (D:1)
  3 ball pythons (D:1)
  2 bats (D:1)
  3 kobolds (D:1)
11 creatures vanquished.

Notes
Turn   | Place    | Note
-------+----------+-------------------------------------------
     0 | D:1      | belegose the Barachi Warper began the quest for the Orb.
     0 | D:1      | Reached XP level 1. HP: 17/17 MP: 3/3
   629 | D:1      | Reached XP level 2. HP: 22/23 MP: 5/5
  1317 | D:1      | Slain by a goblin

Illustrated notes

Levels and vault maps discovered:
D:1:      psy_arrival_radial02, layout_basic
D:2:      layout_basic, dreamdust_ecumenical_altar_grove, minmay_cupped

Action                   || total
-------------------------++-------
Melee: Falchion          ||    34
Armor: Leather armour    ||     8
Dodge: Dodged            ||    20
       Rpst.: Falchion   ||     6
